 Dungeon Crawl Stone Soup version 0.29-a0-286-g41199d4a87 (webtiles) character file.

Game seed: 9765844650665757336

91 Ajdolov the Firebug (level 4, -1/39 HPs)
             Began as an Ogre Fire Elementalist on Mar 16, 2022.
             Slain by a gnoll
             ... wielding a +0 flail
              (5 damage)
             ... on level 4 of the Dungeon.
             The game lasted 00:04:06 (4021 turns).

Ajdolov the Firebug (Ogre Fire Elementalist)        Turns: 4021, Time: 00:04:07

Health: -1/39      AC:  3    Str: 12    XL:     4   Next: 59%
Magic:  7/7        EV:  5    Int: 18    God:
Gold:   114        SH:  0    Dex:  9    Spells: 6/7 levels left

rFire   . . .      SeeInvis .   j - +1 whip (venom)
rCold   . . .      Faith    .   (no shield)
rNeg    . . .      Spirit   .   a - +0 robe
rPois   .          Reflect  .   (helmet restricted)
rElec   .          Harm     .   (no cloak)
rCorr   .          Rampage  .   (gloves unavailable)
Will    .....                   (boots unavailable)
Stlth   +.........              (no amulet)
HPRegen 0.13/turn               (no ring)
MPRegen 0.10/turn               (no ring)

@: lethally poisoned (-1 -> -3), held
A: large, unfitting armour, tough skin 1
a: no special abilities


You were on level 4 of the Dungeon.
You visited 1 branch of the dungeon, and saw 4 of its levels.

You collected 114 gold pieces.

Inventory:

Hand Weapons
 j - a +1 whip of venom (weapon)
Missiles
 n - 3 atropa-tipped darts
Armour
 a - a +0 robe (worn)
Jewellery
 k - a ring of fire
Wands
 m - a wand of flame (19)
Scrolls
 c - a scroll of fear {unknown}
 f - 2 scrolls of teleportation {unknown}
 g - 3 scrolls of identify {unknown}
 i - a scroll of noise {unknown}
 l - a scroll of vulnerability {unknown}
Potions
 b - a potion of magic
 d - a potion of might {unknown}
 e - 2 potions of mutation {unknown}
 h - 3 potions of curing {unknown}


   Skills:
 - Level 1.7 Dodging
 - Level 1.4 Stealth
 - Level 2.4 Spellcasting
 - Level 0.8 Conjurations
 * Level 4.7 Fire Magic


You had 6 spell levels left.
You knew the following spells:

 Your Spells              Type           Power      Damage    Failure   Level
a - Foxfire               Conj/Fire      48%        2x1d6     5%          1

Your spell library contained the following spells:

 Spells                   Type           Power      Damage    Failure   Level
 Scorch                   Fire           38%        2d7       3%          2
 Magic Dart               Conj           20%        1d4       12%         1
 Conjure Flame            Conj/Fire      12%        6-21      16%         3
 Inner Flame              Hex/Fire       10%        N/A       21%         3
 Call Imp                 Summ           2%         N/A       26%         2
 Corpse Rot               Necr/Air       4%         N/A       26%         2
 Poisonous Vapours        Pois/Air       4%         N/A       26%         2
 Mephitic Cloud           Conj/Pois/Air  3%         N/A       43%         3
 Confusing Touch          Hex            2%         N/A       45%         3
 Ozocubu's Armour         Ice            2%         N/A       45%         3
 Flame Wave               Conj/Fire      12%        2d6       47%         4
 Yara's Violent Unravell  Hex/Tmut       1%         3d3       99%         5
 Enfeeble                 Hex            1%         N/A       100%        7
 Ozocubu's Refrigeration  Ice            1%         4d5       100%        7


Dungeon Overview and Level Annotations

Branches:
Dungeon (4/15)
 Temple: D:4-7

Altars:
Hepliaklqana

Annotations:
D:2 1 runed translucent door, Crazy Yiuf


Innate Abilities, Weirdness & Mutations

You are too large for most types of armour.
You have tough skin. (AC +1)


Message History

Found 6 poisoned darts.
You see here a hobgoblin corpse.
You see here 6 poisoned darts.
Found a stone staircase leading up.
There is a stone staircase leading up here.
You see here a +0 ring mail.
There is a stone staircase leading up, spattered with blood here.
You see here a +0 dagger.
Done exploring.
Done exploring.
There is a stone staircase leading down here.
Done exploring.
Done exploring.
You climb downwards.
The gnoll shouts!
The gnoll shaman shouts!
The gnoll shouts!
The adder hisses angrily.
There is a stone staircase leading up here.
You closely miss the gnoll.
The gnoll throws a throwing net.
The throwing net hits you.
You become entangled in the net!
You struggle against the net.
The gnoll hits you with a +0 flail. The adder bites you.
You are poisoned.
The adder poisons you!
Unknown command.
Unknown command.
You struggle against the net.
You feel sick. The adder bites you. The gnoll shaman completely misses you.
The gnoll hits you with a +0 flail!
An endoplasm comes into view.
The gnoll hits you with a +0 club.
* * * LOW HITPOINT WARNING * * *
Unknown command.
You struggle against the net.
You feel sick. The adder closely misses you.
The gnoll hits you with a +0 whip of freezing.
* * * LOW HITPOINT WARNING * * *
The gnoll freezes you.
* * * LOW HITPOINT WARNING * * *
The gnoll shaman hits you with a +0 club.
* * * LOW HITPOINT WARNING * * *
The gnoll hits you with a +0 flail.
You die...

.. # .## ... .
###... ....
.##.#....
....###.#....#
.............#.
...............
.....gggg...#..
......g@.......
.......S.....#.
...#...........
J #........###
#........#
.......#...
........#..##
#......... .#


You could see a gnoll shaman, 4 gnolls, an adder and an endoplasm.

Vanquished Creatures
  3 adders
  A worm (D:3)
  A dart slug (D:1)
  An orc (D:3)
  4 ball pythons
  2 endoplasms
  5 goblins
  9 hobgoblins
  3 jackals (D:3)
  5 quokkas
  7 bats
  A frilled lizard (D:1)
  6 kobolds
  6 rats
54 creatures vanquished.

Vanquished Creatures (others)
  33 foxfires
33 creatures vanquished.

Grand Total: 87 creatures vanquished

Notes
Turn   | Place    | Note
-------+----------+-------------------------------------------
     0 | D:1      | Ajdolov the Ogre Fire Elementalist began the quest for the
                  | Orb.
     0 | D:1      | Reached XP level 1. HP: 16/16 MP: 3/3
   233 | D:1      | Reached skill level 3 in Fire Magic
   528 | D:1      | Reached XP level 2. HP: 17/24 MP: 0/5
  1000 | D:1      | Found a faded altar of an unknown god.
  1504 | D:2      | Found a hazy altar of Hepliaklqana.
  1554 | D:2      | Reached XP level 3. HP: 18/31 MP: 2/6
  2106 | D:2      | Reached skill level 4 in Fire Magic
  2392 | D:2      | Found a runed translucent door.
  2393 | D:2      | Noticed Crazy Yiuf
  2504 | D:2      | Reached XP level 4. HP: 35/39 MP: 7/7
  4021 | D:4      | Slain by a gnoll

Illustrated notes

Levels and vault maps discovered:
D:1:      mrwooster_arrival_arrow, layout_loops_ring,
          chequers_ecumenical_altar_lobes, hex_medium,
          chequers_serial_rivers_micro_b
D:2:      layout_loops_ring, basic_altar, minmay_tromino_i4,
          uniq_crazy_yiuf_cottage
D:3:      layout_loops_ring
D:4:      layout_cave_pools, marbit_many_paths, uniq_ijyb

Skill      XL: |  1  2  3 |
---------------+----------+-----
Fire Magic     | 3 4 |  4.7
Dodging        | |  1.7
Stealth        | |  1.4
Spellcasting   | |  2.4
Conjurations   | |  0.8

Action                   |  1- 3 |  4- 6 || total
-------------------------+-------+-------++-------
Melee: Dagger            |    91 |       ||    91
       Unarmed           |     1 |       ||     1
       Whip              |    31 |    81 ||   112
 Cast: Foxfire           |    22 |       ||    22
 Stab: Sleeping          |     3 |     1 ||     4
Armor: Robe              |    61 |    38 ||    99
Dodge: Dodged            |    72 |    57 ||   129

Table legend: (Time is in decaauts)
 A = Elapsed time spent in this place.
 B = Non-inter-level travel time spent in this place.
 C = Inter-level travel time spent in this place.
 D = Time resting spent in this place.
 E = Time spent auto-exploring this place.
 F = Levels seen in this place.
 G = Mean time per level.
                   A        B        C        D        E       F      G
               +--------+--------+--------+--------+--------+-----+--------+
         Total |   4031 |   3884 |    147 |      9 |   3320 |   4 | 1007.8 |
       Dungeon |   4031 |   3884 |    147 |      9 |   3320 |   4 | 1007.8 |
               +--------+--------+--------+--------+--------+-----+--------+

Top non-repeatable levels by time:
     D:2: 1630 daAuts
     D:3: 1230 daAuts
     D:1: 1165 daAuts
     D:4: 4 daAuts
